 Dungeon Crawl Stone Soup version 0.22-a0-223-g0f5d773 (webtiles) character file.

22 4thArraOfDagon the Vexing (level 2, -1/20 HPs)
             Began as an Octopode Arcane Marksman on Feb 18, 2018.
             Slain by a kobold
             ... wielding a +0 short sword
              (3 damage)
             ... on level 2 of the Dungeon.
             The game lasted 00:01:13 (263 turns).

4thArraOfDagon the Vexing (Octopode Arcane Marksman) Turns: 263, Time: 00:01:13

Health: -1/20      AC:  1    Str:  9    XL:     2   Next: 91%
Magic:  3/3        EV: 13    Int: 15    God:
Gold:   0          SH:  0    Dex: 12    Spells: 2/3 levels left

rFire    . . .     SeeInvis .   d - +0 short sword
rCold    . . .     Gourm    .   (no shield)
rNeg     . . .     Faith    .   (helmet restricted)
rPois    .         Spirit   .   (no amulet)
rElec    .         Reflect  .   (no ring)
rCorr    .         Harm     .   (no ring)
MR       .....                  (no ring)
Stlth    ++........             (no ring)
HPRegen  0.06/turn              (no ring)
MPRegen  0.08/turn              (no ring)
                                (no ring)
                                (no ring)

@: berserk cooldown, slowed, very slow
A: almost no armour, stealthy swim, amphibious, 8 rings, constrict 8, camouflage
1, gelatinous body 1
a: no special abilities


You were on level 2 of the Dungeon.
You were not hungry.

You visited 1 branch of the dungeon, and saw 2 of its levels.

Inventory:

Hand Weapons
 d - a +0 short sword (weapon)
Missiles
 b - 5 javelins (quivered)
 c - 2 throwing nets
Scrolls
 f - a scroll of noise {unknown}
 g - a scroll of remove curse {unknown}
 h - a scroll of random uselessness {unknown}
 i - a scroll of magic mapping {unknown}
Comestibles
 a - a ration


   Skills:
 * Level 2.5 Fighting
 - Level 2.0 Throwing
 - Level 2.2 Dodging
 - Level 1.0 Spellcasting
 - Level 3.0 Hexes


You had 2 spell levels left.
You knew the following spells:

 Your Spells              Type           Power        Failure   Level  Hunger
a - Corona                Hex            #......      7%          1    ##.....


Dungeon Overview and Level Annotations

Branches:
Dungeon (2/15)

Altars:


Innate Abilities, Weirdness & Mutations

You cannot wear most types of armour.
You are very stealthy in the water. (Stealth+)
You are amphibious.
You can wear up to eight rings at the same time.
You can use your tentacles to constrict eight enemies at once.
Your skin changes colour to match your surroundings (Stealth+).
Your rubbery body absorbs attacks. (AC +1, EV +1)


Message History

* * * LOW HITPOINT WARNING * * *
You feel sick.
b - 5 javelins (gained 1)
* * * LOW HITPOINT WARNING * * *
You feel sick.
You open the door.
* * * LOW HITPOINT WARNING * * *
You feel sick.
Found a silvery potion.
Unknown command.
A rat, a worm and a kobold come into view.
Found a ration.
Found a stone staircase leading up.
There is an open door here.
The helpless kobold fails to defend itself.
You hit the kobold. Your grab misses the kobold.
The kobold is severely wounded.
You feel sick.
You are no longer poisoned.
The kobold completely misses you. The kobold hits you with a short sword.
You die...

+.#########
#.#...<...#
#.#.8%..8.#
#.#.r.....#
#.#.8...8.#
##.#.w.!...#
#..#.8...8.#
#..#..K....#
#..####@#
#.......#
#......##
#.....##
#.....#
#.....#
#.....#
#.....#
#######


You could see a worm (sleeping), a kobold and a rat (sleeping).

Vanquished Creatures
  An adder (D:2)
  2 giant cockroaches (D:2)
  3 goblins
  A hobgoblin (D:1)
  2 bats (D:1)
  A frilled lizard (D:1)
  2 kobolds (D:1)
12 creatures vanquished.

Notes
Turn   | Place    | Note
-------+----------+-------------------------------------------
     0 | D:1      | 4thArraOfDagon the Octopode Arcane Marksman began the quest for the Orb.
     0 | D:1      | Reached XP level 1. HP: 13/13 MP: 2/2
   115 | D:1      | Reached XP level 2. HP: 5/19 MP: 3/3
   263 | D:2      | Slain by a kobold

Vault maps used:
D:1:      lightli_molten_gateway
D:2:      lemuel_round_altar, grunt_ministairs_3, kennysheep_doodads

Skill      XL: |  1  2 |
---------------+-------+-----
Fighting       | 2 |  2.5
Throwing       | |  2.0
Dodging        | |  2.2
Spellcasting   | |  1.0
Hexes          | |  3.0

Action                   || total
-------------------------++-------
Melee: Short sword       ||    28
       Constrict         ||     8
Throw: Javelin           ||     4
  Use: Potion            ||     1
 Stab: Sleeping          ||     5
Armor: Skin              ||     1
Dodge: Dodged            ||    14

Table legend:
 A = Spawn XP
 B = Non-spawn XP
 C = Spawn XP percentage of total XP
 D = Spawn monster count
 E = Non-spawn monster count
 F = Spawn count percentage of total count
 G = Total turns spent on level
                    A         B        C        D         E        F      G
               +---------+---------+-------+---------+---------+-------+---------
         Total |       0 |      32 |   0.0 |       0 |      12 |   0.0 |   263
               +---------+---------+-------+---------+---------+-------+---------
           D:1 |       0 |      13 |   0.0 |       0 |       8 |   0.0 |   163
           D:2 |       0 |      19 |   0.0 |       0 |       4 |   0.0 |   100
               +---------+---------+-------+---------+---------+-------+---------
